 Dungeon Crawl Stone Soup version 0.19-b1-5-gdc9fa9d (webtiles) character file.

962 Charmandara the Sneak (level 7, -6/38 HPs)
             Began as a Deep Elf Enchanter on Oct 31, 2016.
             Mangled by usscaptain's ghost (11 damage)
             ... on level 5 of the Dungeon.
             The game lasted 00:22:23 (6595 turns).

Charmandara the Sneak (Deep Elf Enchanter)          Turns: 6595, Time: 00:22:23

Health: -6/38      AC:  4    Str:  5    XL:     7   Next: 92%
Magic:  18/18      EV: 13    Int: 20    God:
Gold:   261        SH:  0    Dex: 17    Spells: 5 memorised, 6 levels left

rFire  . . .     SeeInvis .     a - +1 dagger
rCold  . . .     Gourm    .     r - +1 robe {rN+}
rNeg   + . .     Faith    .     (no shield)
rPois  .         Spirit   .     (no helmet)
rElec  .         Reflect  .     (no cloak)
rCorr  .         Harm     .     i - +0 pair of gloves
MR     .....                    (no boots)
Stlth  ++++......               (no amulet)
                                (no ring)
                                (no ring)

@: no status effects
A: no striking features
a: no special abilities


You were on level 5 of the Dungeon.
You were hungry.

You visited 1 branch of the dungeon, and saw 5 of its levels.

You collected 261 gold pieces.

Inventory:

Hand Weapons
 a - a +1 dagger (weapon)
Armour
 i - a +0 pair of gloves (worn)
 r - a +1 robe of positive energy (worn)
Magical Staves
 F - an uncursed staff of poison
Wands
 E - a wand of iceblast (6/15)
Scrolls
 e - 2 scrolls of fear {unknown}
 g - a scroll of blinking {unknown}
 j - 2 scrolls of enchant weapon {unknown}
 k - a scroll of recharging {unknown}
 l - 3 scrolls of remove curse {unknown}
 m - 4 scrolls of identify {unknown}
 n - a scroll of enchant armour {unknown}
 p - 2 scrolls of magic mapping {unknown}
 q - 3 scrolls of amnesia {unknown}
 t - 2 scrolls of noise {unknown}
 u - a scroll of teleportation {unknown}
 w - a scroll of fog {unknown}
 y - 2 scrolls of random uselessness {unknown}
 A - a scroll of immolation {unknown}
Potions
 b - a potion of heal wounds {unknown}
 s - 2 potions of curing
 v - a potion of ambrosia {unknown}
 x - a potion of degeneration {unknown}
 B - a potion of flight {unknown}
 C - a potion of berserk rage {unknown}
 D - a potion of magic {unknown}
Books
 c - a book of Maledictions

   Spells                             Type                      Level
   a - Corona                         Hexes                        1
   b - Ensorcelled Hibernation        Hexes/Ice                    2
   c - Confuse                        Hexes                        3
   d - Tukima's Dance                 Hexes                        3
   e - Dazzling Spray                 Conjuration/Hexes            3
 G - a book of Changes

   Spells                             Type                      Level
   a - Beastly Appendage              Transmutation                1
   b - Sticks to Snakes               Transmutation                2
   c - Spider Form                    Transmutation/Poison         3
   d - Ice Form                       Ice/Transmutation            4
   e - Blade Hands                    Transmutation                5
Comestibles
 d - 8 bread rations
 f - 2 meat rations
 h - a slice of pizza
 z - a beef jerky


   Skills:
 - Level 1.0 Fighting
 * Level 3.4 Short Blades
 - Level 2.4 Dodging
 + Level 6.8 Stealth
 + Level 6.2 Spellcasting
 - Level 3.2 Conjurations
 + Level 6.3 Hexes
 - Level 2.3 Ice Magic


You had 6 spell levels left.
You knew the following spells:

 Your Spells              Type           Power        Failure   Level  Hunger
a - Ensorcelled Hibernat  Hex/Ice        ###...       2%          2    None
b - Tukima's Dance        Hex            ####....     2%          3    ##.....
c - Confuse               Hex            ####....     2%          3    ##.....
d - Dazzling Spray        Conj/Hex       ####..       6%          3    ##.....
v - Corona                Hex            ####...      1%          1    None


Dungeon Overview and Level Annotations

Branches:
Dungeon (5/15)
 Temple: D:4-7

Altars:
Ashenzari
Elyvilon
Nemelex Xobeh
Ru
Sif Muna
Trog
The Shining One

Annotations:
D:5 usscaptain's ghost, novice HOFi


Message History

Okay, then.
Okay, then.
Evoke which item? (* to show all) (? for menu, Esc to quit)
Zapping:
E - a wand of iceblast (will waste charges)
Press: ? - help, Shift-Dir - straight line, p - usscaptain's ghost The mass of ice explodes!
The iceblast engulfs usscaptain's ghost.
Usscaptain's ghost is almost destroyed.
Evoking this partially-identified wand wasted a few charges.
Unknown command.
Unknown command.
Evoke which item? (* to show all) (? for menu, Esc to quit)
Zapping:
E - a wand of iceblast {zapped: 3} (will waste charges)
Press: ? - help, Shift-Dir - straight line The mass of ice explodes!
The iceblast engulfs usscaptain's ghost.
Usscaptain's ghost is almost destroyed.
Evoking this partially-identified wand wasted a few charges.
Usscaptain's ghost hits you!
You die...

#.....#.###########.#.
#........# #.#.
#.$...#### #.#.
#.....##### ##.#.
#.........# #....
#.........# #####
#.........# #
###..W....# #
#..@....# # #.......#
# #########


You could see usscaptain's ghost.

Vanquished Creatures
  A phantom (D:4)
  2 ogres
  A bullfrog (D:4)
  A scorpion (D:4)
  A hound (D:5)
  Crazy Yiuf (D:2)
  2 bullfrog skeletons
  An iguana (D:5)
  3 orc wizards
  7 worker ants
  A hound skeleton (D:5)
  8 adders
  A shadow imp (D:5)
  2 oozes
  An adder skeleton (D:5)
  2 worms (D:4)
  3 dart slugs
  7 leopard geckos
  17 orcs
  9 giant cockroaches
  4 hobgoblins (D:1)
  A quokka (D:4)
  A ball python (D:3)
  8 bats
  5 frilled lizards
  8 goblins
  6 kobolds
  A quokka skeleton (D:4)
  11 rats
116 creatures vanquished.

Notes
Turn   | Place    | Note
-------+----------+-------------------------------------------
     0 | D:1      | Charmandara the Deep Elf Enchanter began the quest for the Orb.
     0 | D:1      | Reached XP level 1. HP: 10/10 MP: 6/6
   540 | D:1      | You fall through a shaft!
   568 | D:1      | Reached XP level 2. HP: 11/16 MP: 6/8
   601 | D:1      | Learned a level 2 spell: Ensorcelled Hibernation
  1360 | D:1      | Reached XP level 3. HP: 16/20 MP: 3/9
  1426 | D:1      | Learned a level 3 spell: Confuse
  1449 | D:2      | Reached skill level 1 in Fighting
  1479 | D:2      | Reached skill level 1 in Ice Magic
  1518 | D:2      | Found a sparkling altar of Nemelex Xobeh.
  1574 | D:2      | Found a glowing golden altar of the Shining One.
  1697 | D:2      | Learned a level 3 spell: Dazzling Spray
  1887 | D:2      | Reached XP level 4. HP: 25/25 MP: 8/11
  2112 | D:2      | Found a runed door.
  2116 | D:2      | Noticed Crazy Yiuf
  2126 | D:2      | Killed Crazy Yiuf
  2746 | D:3      | Noticed an ogre
  2759 | D:3      | Killed an ogre
  2759 | D:3      | Reached skill level 1 in Conjurations
  2759 | D:3      | Reached XP level 5. HP: 29/29 MP: 6/13
  2815 | D:3      | Learned a level 3 spell: Tukima's Dance
  2835 | D:3      | Found a sacrificial altar of Ru.
  2992 | D:3      | Found a white marble altar of Elyvilon.
  3405 | D:4      | Reached skill level 5 in Hexes
  3526 | D:4      | Reached XP level 6. HP: 10/34 MP: 2/14
  3738 | D:4      | Reached skill level 5 in Stealth
  3831 | D:4      | Found a shattered altar of Ashenzari.
  4404 | D:4      | Found a bloodstained altar of Trog.
  4405 | D:4      | Found a deep blue altar of Sif Muna.
  4564 | D:4      | Reached skill level 5 in Spellcasting
  4577 | D:4      | Reached XP level 7. HP: 38/38 MP: 9/16
  4965 | D:5      | Entered Level 5 of the Dungeon
  4975 | D:5      | Noticed usscaptain's ghost (novice HOFi)
  6595 | D:5      | Mangled by usscaptain's ghost

Skill      XL: |  1  2  3  4  5  6  7 |
---------------+----------------------+-----
Short Blades   | 2 3 |  3.4
Fighting       | 1 |  1.0
Ice Magic      | 1 2 |  2.3
Stealth        | 4 5 6 |  6.8
Spellcasting   | 4 5 6 |  6.2
Conjurations   | 1 2 3 |  3.2
Hexes          | 5 6 |  6.3
Dodging        | |  2.4

Action                   |  1- 3 |  4- 6 |  7- 9 || total
-------------------------+-------+-------+-------++-------
Melee: Dagger            |   116 |   167 |   108 ||   391
 Cast: Corona            |    10 |       |       ||    10
       Ensorcelled Hiber |    21 |    36 |    28 ||    85
       Dazzling Spray    |       |    10 |     2 ||    12
       Confuse           |       |       |    13 ||    13
Evoke: Wand              |       |       |     2 ||     2
  Use: Potion            |       |     4 |       ||     4
 Stab: Sleeping          |    18 |    33 |    20 ||    71
       Confused          |       |       |    11 ||    11
  Eat: Chunk             |     4 |     9 |     7 ||    20
Armor: Robe              |    25 |    27 |    21 ||    73
       Skin              |       |    29 |       ||    29
Dodge: Dodged            |    93 |    69 |    46 ||   208
